 Dungeon Crawl Stone Soup version 0.31-a0-1172-g9944ec47dd (webtiles) character file.

Game seed: 1911375408282010317

3 backslashecho the Changeling (level 1, -1/16 HPs)
             Began as a Meteoran Shapeshifter on Dec 11, 2023.
             Slain by a kobold
             ... wielding a +4 dagger
              (5 damage)
             ... on level 1 of the Dungeon.
             The game lasted 00:00:21 (48 turns).

backslashecho the Changeling (Meteoran Shapeshifter)  Turns: 48, Time: 00:00:22

Health: -1/16      AC:  2    Str: 15    XL:     1   Next: 71%
Magic:  2/2        EV: 12    Int: 11    God:
Gold:   18         SH:  0    Dex: 13    Spells: 0/0 levels left

rFire   . .          .
                       - Unarmed
rCold   . . .        (no shield)
rNeg    . . .        a - +0 animal skin
rPois   .            (helmet currently unavailable)
rElec   .            (cloak currently unavailable)
rCorr   .            (gloves currently unavailable)
SInv    .            (boots currently unavailable)
Will    .....        (no amulet)
Stlth   +            (no ring)
HPRegen 0.22/turn    (no ring)
MPRegen 0.08/turn

%: no passive effects
@: beast-form, glowing
A: beast (slay +2), sense surroundings 1, otherworldly, glowing, explore regen
a: Begin Untransformation


You were on level 1 of the Dungeon.
You were a hulking beast.
You visited 1 branch of the dungeon, and saw 1 of its levels.

You collected 18 gold pieces.

Inventory:

Armour
 a - a +0 animal skin (worn)
Talismans
 c - a beast talisman
 d - a flux talisman
Potions
 b - a potion of lignification
 e - 2 potions of attraction {unknown}


   Skills:
 - Level 1.1 Fighting
 - Level 2.1 Dodging
 + Level 3.7 Unarmed Combat
 * Level 3.8 Shapeshifting


You couldn't memorise any spells.
You didn't know any spells.
Your spell library was empty.

Dungeon Overview and Level Annotations

Branches:
Dungeon (1/15) Zot: 551

Altars:


Innate Abilities, Weirdness & Mutations

You are a hulking beast.
Your limbs bulge with bestial killing power. (Slay +2)
You passively map a small area around you.
You are easily found by Zot.
You glow in the dark.
You regain HP and MP as you explore.


Message History

A frilled lizard is nearby!
You miss the frilled lizard. You closely miss the frilled lizard.
The frilled lizard closely misses you.
You miss the frilled lizard.
The frilled lizard bites you but does no damage.
You hit the frilled lizard.
You kill the frilled lizard!
No target in view!
No target in view!
A dart slug comes into view.
Found 18 gold pieces.
A dart slug is nearby!
You hit the dart slug.
The dart slug is severely wounded.
You hit the dart slug.
The dart slug is almost dead.
The dart slug barely misses you.
You hit the dart slug but do no damage.
The dart slug is almost dead.
The dart slug launches a dart at you. The slug dart misses you.
You hit the dart slug.
You kill the dart slug!
No target in view!
No target in view!
You now have 18 gold pieces.
A kobold comes into view. It is wielding a +4 dagger.
The kobold throws a stone.
The stone closely misses you.
A kobold is nearby!
The kobold throws a stone.
The stone barely misses you.
Found 18 gold pieces.
A rat comes into view.
The rat squeaks loudly.
You hear a shout!
The kobold hits you with a +4 dagger.
You take 1 damage, and have 15/16 hp.
You hit the kobold.
The kobold is moderately wounded.
The kobold hits you but does no damage.
Health restored: 16 You closely miss the kobold.
The kobold hits you with a +4 dagger!
You hit the kobold.
The kobold is heavily wounded.
The kobold hits you with a +4 dagger.
* * * LOW HITPOINT WARNING * * *
You take 12 damage, and have 4/16 hp.
MASSIVE DAMAGE!!
You are too injured to fight recklessly!
You miss the kobold.
The kobold is heavily wounded.
The kobold hits you with a +4 dagger.
You die...

, ... #. .*#..#* #. ,
, * .$ #..# #. ..*#..
##. , * . *
###.##.##.######..*
.................##
..................## ,
....r.Kh...........##
......#.....###.....##
,, .....
##.....###.....## ....
#..............# ...
..................#
..*
.#####............##
*.** #.##....†......
#.##........###
#.##..#...#.#


You could see a kobold and a rat.

Vanquished Creatures
  A dart slug (D:1)
  A frilled lizard (D:1)
2 creatures vanquished.

Notes
Turn   | Place    | Note
-------+----------+-------------------------------------------
     0 | D:1      | backslashecho the Meteoran Shapeshifter began the quest for
                  | the Orb.
     0 | D:1      | Reached XP level 1. HP: 16/16 MP: 2/2
    48 | D:1      | Slain by a kobold

Illustrated notes

Levels and vault maps discovered:
D:1:      lemuel_arrival_room, layout_loops_ring, minmay_parallelograms

Action                     || total
---------------------------++-------
  Melee: Unarmed           ||    12
 Armour: Animal skin       ||     6
  Dodge: Dodged            ||     5

Table legend: (Time is in decaauts)
 A = Elapsed time spent in this place.
 B = Non-inter-level travel time spent in this place.
 C = Inter-level travel time spent in this place.
 D = Time resting spent in this place.
 E = Time spent auto-exploring this place.
 F = Levels seen in this place.
 G = Mean time per level.
                   A        B        C        D        E       F      G
               +--------+--------+--------+--------+--------+-----+--------+
         Total |     47 |     47 |      0 |      0 |     22 |   1 |   47.0 |
       Dungeon |     47 |     47 |      0 |      0 |     22 |   1 |   47.0 |
               +--------+--------+--------+--------+--------+-----+--------+

Top non-repeatable levels by time:
     D:1: 47 daAuts
